 Dungeon Crawl Stone Soup version 0.21.1-1-g345015f (webtiles) character file.

98 TinyReaver the Sneak (level 4, 0/21 HPs)
             Began as a Spriggan Enchanter on Apr 29, 2018.
             Slain by an orc
             ... wielding a +0 flail
              (6 damage)
             ... on level 3 of the Dungeon.
             The game lasted 00:19:13 (2048 turns).

TinyReaver the Sneak (Spriggan Enchanter)           Turns: 2048, Time: 00:19:14

Health: 0/21       AC:  2    Str:  9    XL:     4   Next: 43%
Magic:  0/10       EV: 18    Int: 17    God:
Gold:   98         SH:  0    Dex: 16    Spells: 4/10 levels left

rFire    + + .     SeeInvis +   a - +1 dagger
rCold    + . .     Gourm    .   (shield restricted)
rNeg     . . .     Faith    .   b - +0 robe
rPois    +         Spirit   .   (helmet restricted)
rElec    +         Reflect  .   (no cloak)
rCorr    +         Harm     .   (gloves unavailable)
MR       .....                  (boots unavailable)
Stlth    +++.......             (no amulet)
HPRegen  0.07/turn              l - ring of protection from fire
MPRegen  0.12/turn              (no ring)

@: mighty, resistant, very slightly contaminated, very quick
A: very small, unfitting armour, see invisible, herbivore, speed 3, slow
metabolism 2
a: no special abilities


You were on level 3 of the Dungeon.
You were not hungry.

You visited 1 branch of the dungeon, and saw 3 of its levels.

You collected 98 gold pieces.

Inventory:

Hand Weapons
 a - a +1 dagger (weapon)
Armour
 b - a +0 robe (worn)
Jewellery
 l - a ring of protection from fire (left hand)
Scrolls
 f - a scroll of identify {unknown}
 g - a scroll of remove curse {unknown}
 h - 3 scrolls of teleportation {unknown}
 i - a scroll of magic mapping {unknown}
 n - a scroll of enchant weapon {unknown}
Potions
 e - a potion of heal wounds {unknown}
 j - a potion of lignification {unknown}
 m - a potion of resistance
 o - a potion of curing {unknown}
Books
 c - a book of Maledictions

   Spells                             Type                      Level
   a - Corona                         Hexes                        1
   b - Ensorcelled Hibernation        Hexes/Ice                    2
   c - Confuse                        Hexes                        3
   d - Tukima's Dance                 Hexes                        3
   e - Dazzling Spray                 Conjuration/Hexes            3
Comestibles
 d - 3 rations


   Skills:
 + Level 0.2 Fighting
 + Level 1.7 Short Blades
 + Level 3.2 Dodging
 + Level 6.0 Stealth
 + Level 3.5 Spellcasting
 + Level 4.2 Hexes
 + Level 0.6 Ice Magic


You had 4 spell levels left.
You knew the following spells:

 Your Spells              Type           Power        Failure   Level  Hunger
a - Corona                Hex            ###....      2%          1    None
b - Ensorcelled Hibernat  Hex/Ice        ##....       9%          2    ##.....
c - Confuse               Hex            ###.....     9%          3    ###....


Dungeon Overview and Level Annotations

Branches:
Dungeon (3/15)

Altars:
Gozag


Innate Abilities, Weirdness & Mutations

You are very small and have problems with some larger weapons.
You are too small for most types of armour.
You have supernaturally acute eyesight. (SInv)
You are a herbivore.
You cover ground extremely quickly.
You need consume almost no food.


Message History

The orc priest barely misses you.
You closely miss the orc priest.
The orc priest looks encouraged for a moment.
You closely miss the orc priest. The orc priest hits you with a whip.
* * * LOW HITPOINT WARNING * * *
It was a potion of resistance.
You feel protected.
The orc priest looks satisfied for a moment.
You puncture the orc priest!
The orc priest is heavily wounded.
The orc priest mumbles some strange prayers to Beogh against you.
You struggle to resist.
You hit the orc priest.
The orc priest is almost dead.
The orc priest misses you.
You puncture the orc priest!
You kill the orc priest!
Your Stealth skill increases to level 6!
The orc hits you with a flail.
You die...

### #.######.?
#........#
.......o.# #o#
#############@####.#
#..................#
#†###########.######
#<# #.# #.# #.# #.#
..# #.# ### #.# #.#


You could see an orc priest and an orc.

Vanquished Creatures
  An orc priest (D:3)
  2 adders
  A worm (D:2)
  A dart slug (D:1)
  A leopard gecko (D:2)
  An orc (D:3)
  5 bats
  5 giant cockroaches
  5 goblins
  8 hobgoblins
  2 kobolds
  A quokka (D:2)
  A ball python (D:1)
  4 frilled lizards
  5 rats
43 creatures vanquished.

Notes
Turn   | Place    | Note
-------+----------+-------------------------------------------
     0 | D:1      | TinyReaver the Spriggan Enchanter began the quest for the Orb.
     0 | D:1      | Reached XP level 1. HP: 9/9 MP: 5/5
   262 | D:1      | Reached skill level 5 in Stealth
   290 | D:1      | Reached XP level 2. HP: 13/13 MP: 6/6
   434 | D:1      | Learned a level 2 spell: Ensorcelled Hibernation
  1053 | D:2      | Reached XP level 3. HP: 12/16 MP: 1/8
  1132 | D:2      | Found an opulent altar of Gozag.
  1236 | D:2      | Learned a level 3 spell: Confuse
  2038 | D:3      | Reached XP level 4. HP: 15/21 MP: 5/10
  2048 | D:3      | Reached skill level 6 in Stealth
  2048 | D:3      | Slain by an orc

Skill      XL: |  1  2  3  4 |
---------------+-------------+-----
Stealth        | 5 6 |  6.0
Spellcasting   | 3 |  3.5
Hexes          | 4 |  4.2
Fighting       | |  0.2
Short Blades   | |  1.7
Dodging        | |  3.2
Ice Magic      | |  0.6

Action                   |  1- 3 |  4- 6 || total
-------------------------+-------+-------++-------
Melee: Dagger            |   115 |     5 ||   120
 Cast: Corona            |     4 |       ||     4
       Ensorcelled Hiber |    23 |     2 ||    25
  Use: Potion            |     1 |     2 ||     3
 Stab: Sleeping          |    23 |       ||    23
Armor: Robe              |     8 |       ||     8
Dodge: Dodged            |   116 |     3 ||   119
